 Dungeon Crawl Stone Soup version 0.27-a0-522-g46bbb28828 (webtiles) character file.

Game seed: 6500198029760808790

107 jasper the Skirmisher (level 4, 30/35 HPs)
             Began as a Demonspawn Warper on Mar 4, 2021.
             Was an Initiate of Ashenzari.
             Quit the game on level 3 of the Dungeon.
             The game lasted 00:04:25 (2675 turns).

jasper the Skirmisher (Demonspawn Warper)           Turns: 2675, Time: 00:04:26

Health: 30/35      AC:  5    Str: 11    XL:     4   Next: 56%
Magic:  7/7        EV:  8    Int: 15    God:    Ashenzari [......]
Gold:   165        SH:  6    Dex: 13    Spells: 7/7 levels left

rFire    . . .     SeeInvis .   q - +1 short sword (venom)
rCold    . . .     Faith    .   s - +0 kite shield
rNeg     . . .     Spirit   .   l - +0 ring mail
rPois    +         Reflect  .   (no helmet)
rElec    .         Harm     .   (no cloak)
rCorr    .         Rampage  .   (no gloves)
Will     .....                  (no boots)
Stlth    ..........             (no amulet)
HPRegen  0.11/turn              i - ring "Bound the Doldrums" {rPois, Elem, Alch} (curse)
MPRegen  0.10/turn              (no ring)

@: no status effects
A: hooves 2, ignite blood 1
a: Renounce Religion, Shatter the Chains


You were on level 3 of the Dungeon.
You worshipped Ashenzari.
Ashenzari was noncommittal.
You visited 1 branch of the dungeon, and saw 3 of its levels.

You collected 165 gold pieces.

Inventory:

Hand Weapons
 a - a +0 mace
 q - a +1 short sword of venom (weapon)
 v - a +2 trident of flaming
Missiles
 c - 17 poisoned darts
 d - 21 boomerangs (quivered)
 e - 5 boomerangs of dispersal
 k - 117 stones
Armour
 b - a +0 leather armour
 l - a +0 ring mail (worn)
 s - a +0 kite shield (worn)
Jewellery
 i - the cursed ring "Bound the Doldrums" (left hand) {rPois, Elem, Alch}
   (You found it on level 1 of the Dungeon)

   [ring of poison resistance]

   It protects you from poison.
   It has a curse placed upon it.
Wands
 t - a wand of random effects (20)
 w - a wand of paralysis (7)
Scrolls
 g - 2 scrolls of immolation
 h - 3 scrolls of enchant armour
 j - 3 scrolls of identify
 n - 2 scrolls of fog
 o - 4 scrolls of teleportation
 r - a scroll of amnesia
Potions
 f - a potion of cancellation
 m - 2 potions of heal wounds
 p - a potion of flight
 u - 2 potions of haste
 x - a potion of magic


   Skills:
 + Level 3.1 Fighting
 - Level 1.7 Maces & Flails
 - Level 0.8 Throwing
 - Level 2.3 Armour
 + Level 2.9 Dodging
 + Level 0.2 Shields
 + Level 0.1 Unarmed Combat
 - Level 2.0 Spellcasting
 - Level 2.6 Translocations


You had 7 spell levels left.
You didn't know any spells.
Your spell library contained the following spells:

 Spells                   Type           Power        Failure   Level
 Blink                    Tloc           N/A          87%         2
 Gell's Gravitas          Tloc           4%           98%         3
 Lesser Beckoning         Tloc           4%           98%         3
 Teleport Other           Tloc           9%           98%         3
 Manifold Assault         Tloc           9%           100%        4


Dungeon Overview and Level Annotations

Branches:
Dungeon (3/15)

Altars:
Ashenzari


Innate Abilities, Weirdness & Mutations

You have hoof-like feet.
Your demonic aura sometimes causes spilled blood to erupt in flames


Message History

No target in view!
Found a stone staircase leading down.
A dart slug comes into view.
Unknown command.
A dart slug is nearby!
The dart slug bites you but does no damage.
You hit the dart slug.
The dart slug is poisoned.
You kick the dart slug.
You kill the dart slug!
No target in view!
You open the door.
There is an open door here.
You now have 165 gold pieces (gained 16).
j - 3 scrolls of identify (gained 1)
Found a stone staircase leading up.
A rat comes into view.
There is an open door here.
Okay, then.
Okay, then.
Okay, then.
Unknown command.
Your ring of poison resistance glows black for a moment.
You start putting on your armour.
You continue putting on your +0 kite shield. x3
The rat bites you but does no damage.
You continue putting on your +0 kite shield.
The rat bites you.
You finish putting on your +0 kite shield.
You take 2 damage, and have 33/35 hp.
Okay, then.
You hit the rat but do no damage. Your kick misses the rat. The rat bites you.
The rat closely misses you.
You take 3 damage, and have 30/35 hp.
You closely miss the rat. The rat closely misses you.
You hit the rat.
You kill the rat!
Okay, then.
You don't have any unidentified items.
Unknown command.
Okay, then.
Are you sure you want to abandon this character and quit the game? (Confirm with "yes".)

########.##.# #........##.#
####### #.#########.#
#.....############.#.........#
#
#.#.............##.#.#########
# #.#.............##.#.# #
#.#.............##.#.# #
#.#.............##.#.#
###.#...........@.'..#.#######
##................####.......#
.+................# #######.#
##.............#.## #.#
#####..........#.#### #.#
.........>..........### #.#
.................##.#<# #.#
........#.####...##.#.######.#
.).......... ##..##.#........#


There were no monsters in sight!

Vanquished Creatures
  3 adders (D:3)
  An ooze (D:3)
  2 worms (D:2)
  A dart slug (D:3)
  A leopard gecko (D:1)
  5 orcs (D:3)
  3 giant cockroaches
  5 goblins
  4 hobgoblins (D:1)
  7 jackals
  2 ball pythons (D:1)
  6 bats
  8 frilled lizards
  7 kobolds
  9 rats
64 creatures vanquished.

Notes
Turn   | Place    | Note
-------+----------+-------------------------------------------
     0 | D:1      | jasper the Demonspawn Warper began the quest for the Orb.
     0 | D:1      | Reached XP level 1. HP: 16/16 MP: 3/3
    18 | D:1      | Reached skill level 1 in Armour
   236 | D:1      | Gained mutation: Your demonic aura sometimes causes spilled
                  | blood to erupt in flames [demonic ancestry]
   236 | D:1      | Reached XP level 2. HP: 13/22 MP: 5/5
  1311 | D:1      | Gained mutation: You have large cloven feet. [demonic
                  | ancestry]
  1311 | D:1      | Reached XP level 3. HP: 28/28 MP: 6/6
  1665 | D:2      | Found a broken altar of Ashenzari.
  1678 | D:2      | Became a worshipper of Ashenzari the Shackled
  1957 | D:3      | Gained mutation: You have hoof-like feet. [demonic
                  | ancestry]
  1957 | D:3      | Reached XP level 4. HP: 33/34 MP: 7/7
  2000 | D:3      | Reached skill level 3 in Fighting
  2246 | D:3      | Paralysed by an orc for 3 turns
  2675 | D:3      | Quit the game

Illustrated notes

Levels and vault maps discovered:
D:1:      dpeg_arrival_simpleton_c, layout_rooms, minmay_tall_x
D:2:      layout_rooms, lemuel_coloured_pillars_altar
D:3:      layout_basic, hangedman_decor_clover_reticule

Skill      XL: |  1  2  3  4 |
---------------+-------------+-----
Armour         | 1 2 |  2.3
Dodging        | 2 |  2.9
Fighting       | 3 |  3.1
Maces & Flails | |  1.7
Throwing       | |  0.8
Shields        | |  0.2
Unarmed Combat | |  0.1
Spellcasting   | |  2.0
Translocations | |  2.6

Action                   |  1- 3 |  4- 6 || total
-------------------------+-------+-------++-------
Melee: Mace              |    79 |       ||    79
       Short sword       |    45 |    44 ||    89
       Kick              |    11 |     9 ||    20
Throw: Dart              |    20 |       ||    20
       Boomerang         |    15 |       ||    15
Invok: Curse Item        |       |     1 ||     1
  Use: Scroll            |     1 |       ||     1
       Potion            |       |     1 ||     1
Armor: Leather armour    |    12 |       ||    12
       Ring mail         |    19 |    15 ||    34
Dodge: Dodged            |    78 |    34 ||   112

Table legend: (Time is in decaauts)
 A = Elapsed time spent in this place.
 B = Non-inter-level travel time spent in this place.
 C = Inter-level travel time spent in this place.
 D = Time resting spent in this place.
 E = Time spent auto-exploring this place.
 F = Levels seen in this place.
 G = Mean time per level.
                   A        B        C        D        E       F      G
               +--------+--------+--------+--------+--------+-----+--------+
         Total |   2712 |   2670 |     42 |    647 |   1515 |   3 |  904.0 |
       Dungeon |   2712 |   2670 |     42 |    647 |   1515 |   3 |  904.0 |
               +--------+--------+--------+--------+--------+-----+--------+

Top non-repeatable levels by time:
     D:1: 1387 daAuts
     D:3: 735 daAuts
     D:2: 589 daAuts
